 Dungeon Crawl Stone Soup version 0.23.2-33-g5129a83184 (webtiles) character file.

Game seed: 11561335354059492045

29 psyvane the Grave Robber (level 3, -1/16 HPs)
             Began as a Vine Stalker Necromancer on July 19, 2019.
             Slain by an adder (2 damage)
             ... on level 2 of the Dungeon.
             The game lasted 00:05:25 (1796 turns).

psyvane the Grave Robber (Vine Stalker Necromancer) Turns: 1796, Time: 00:05:25

Health: -1/16      AC:  2    Str: 12    XL:     3   Next: 16%
Magic:  0/7        EV: 12    Int: 16    God:
Gold:   25         SH:  0    Dex: 14    Spells: 1/6 levels left

rFire    . . .     SeeInvis .   (no weapon)
rCold    . . .     Gourm    .   (no shield)
rNeg     . . .     Faith    .   a - +0 robe
rPois    .         Spirit   +   (no helmet)
rElec    .         Reflect  .   (no cloak)
rCorr    .         Harm     .   (no gloves)
MR       .....                  (no boots)
Stlth    ++........             (no amulet)
HPRegen  0.05/turn              d - +2 ring of strength
MPRegen  0.10/turn              (no ring)

@: no status effects
A: fangs 2, magic shield, antimagic bite, no potion heal 3, rot immunity
a: no special abilities


You were on level 2 of the Dungeon.
You were hungry.

You visited 1 branch of the dungeon, and saw 2 of its levels.

You collected 25 gold pieces.

Inventory:

Armour
 a - a +0 robe (worn)
Jewellery
 d - a +2 ring of strength (left hand)
Scrolls
 b - a scroll of identify
 e - a scroll of remove curse {unknown}
 h - a scroll of immolation {unknown}
Potions
 f - a potion of flight {unknown}
 g - a potion of heal wounds {unknown}
Comestibles
 c - 2 rations


   Skills:
 - Level 1.5 Dodging
 - Level 2.4 Stealth
 - Level 2.1 Spellcasting
 * Level 5.0 Necromancy


You had one spell level left.
You knew the following spells:

 Your Spells              Type           Power        Failure   Level  Hunger
a - Pain                  Necr           ###.         2%          1    #......
b - Animate Skeleton      Necr           N/A          2%          1    #......
c - Vampiric Draining     Necr           ###.......   8%          3    ###....

Your spell library contained the following spells:

 Spells                   Type           Power        Failure   Level  Hunger
 Regeneration             Chrm/Necr      #.........   22%         3    ###....
 Animate Dead             Necr           N/A          26%         4    #####..


Dungeon Overview and Level Annotations

Branches:
Dungeon (2/15)

Altars:
Makhleb
Zin


Innate Abilities, Weirdness & Mutations

You have extremely sharp teeth.
When hurt, damage is shared between your health and your magic reserves.
Your bite disrupts and absorbs the magic of your enemies.
Potions cannot restore your health.
You are immune to rotting.


Message History

The adder barely resists.
The kobold shouts!
The adder bites you.
* * * LOW HITPOINT WARNING * * *
A goblin comes into view. It is wielding a +0 dagger.
Casting: Pain (safe; 2% risk of failure)
Confirm with . or Enter, or press ? or * to list all spells.
Okay, then.
You miss the adder.
The adder is severely wounded.
The adder bites you.
* * * LOW HITPOINT WARNING * * *
The adder bites you.
* * * LOW HITPOINT WARNING * * *
You miss the adder.
The goblin shouts!
Your bite misses the adder.
The adder is severely wounded.
The adder bites you.
You die...

##... ....
... # #.g
.##.#.K
.......###
#......#
#....@.#
.......S.#
.###...g.#
#.....#
.....###
##....
#.##. ##.#
#. #. ...
##..


You could see an adder, a hobgoblin, a goblin and a kobold.

Vanquished Creatures
  3 dart slugs
  4 bats
  A giant cockroach (D:1)
  3 hobgoblins
  2 kobolds
  A quokka (D:2)
  2 frilled lizards (D:1)
  3 goblins (D:1)
  4 rats (D:1)
23 creatures vanquished.

Notes
Turn   | Place    | Note
-------+----------+-------------------------------------------
     0 | D:1      | psyvane the Vine Stalker Necromancer began the quest for
                  | the Orb.
     0 | D:1      | Reached XP level 1. HP: 9/9 MP: 4/4
   323 | D:1      | Reached XP level 2. HP: 11/13 MP: 3/6
   424 | D:1      | Learned a level 1 spell: Animate Skeleton
  1426 | D:2      | Reached XP level 3. HP: 16/16 MP: 5/7
  1431 | D:2      | Learned a level 3 spell: Vampiric Draining
  1457 | D:2      | Reached skill level 5 in Necromancy
  1583 | D:2      | Found a burning altar of Makhleb.
  1585 | D:2      | Found a glowing silver altar of Zin.
  1585 | D:2      | Noticed an angel
  1586 | D:2      | Noticed a green death
  1796 | D:2      | Slain by an adder

Skill      XL: |  1  2  3 |
---------------+----------+-----
Necromancy     | 5 |  5.0
Dodging        | |  1.5
Stealth        | |  2.4
Spellcasting   | |  2.1

Action                   || total
-------------------------++-------
Melee: Unarmed           ||    12
       Bite              ||     2
 Cast: Pain              ||    48
       Animate Skeleton  ||     8
       Vampiric Draining ||     1
  Use: Scroll            ||     2
  Eat: Chunk             ||     3
Armor: Robe              ||    11
Dodge: Dodged            ||    27
